 Dungeon Crawl Stone Soup version 0.21-a0-426-g98080a9 (webtiles) character file.

147 KristoblXynda the Skirmisher (level 5, 0/46 HPs)
             Began as a Draconian Monk on Nov 7, 2017.
             Killed from afar by an orc wizard (4 damage)
             ... with a magic dart
             ... on level 3 of the Dungeon.
             The game lasted 00:03:00 (1614 turns).

KristoblXynda the Skirmisher (Draconian Monk)       Turns: 1614, Time: 00:03:01

Health: 0/46       AC:  5    Str: 14    XL:     5   Next: 7%
Magic:  4/4        EV: 13    Int: 11    God:
Gold:   99         SH:  0    Dex: 13    Spells: 4/4 levels left

rFire    . . .     SeeInvis .   a - +0 falchion
rCold    . . .     Gourm    .   (no shield)
rNeg     . . .     Faith    .   (armour unavailable)
rPois    .         Spirit   .   (helmet restricted)
rElec    .         Reflect  .   (no cloak)
rCorr    .         Harm     .   (no gloves)
MR       .....                  (no boots)
Stlth    ++........             (no amulet)
HPRegen  0.15/turn              (no ring)
MPRegen  0.09/turn              (no ring)

@: no status effects
A: unfitting armour, stinger 1, low mp 1, wild magic 1, cold-blooded, MP-powered
wands, AC +5
a: no special abilities


You were on level 3 of the Dungeon.
You were hungry.

You visited 1 branch of the dungeon, and saw 3 of its levels.

You collected 99 gold pieces.

Inventory:

Hand Weapons
 a - a +0 falchion (weapon)
Scrolls
 c - a scroll of fear
 e - a scroll of enchant armour {unknown}
 g - a scroll of teleportation {unknown}
 h - a scroll of magic mapping {unknown}
 j - a scroll of amnesia {unknown}
Potions
 d - a potion of brilliance
 f - a potion of cancellation
 l - a potion of berserk rage {unknown}
 n - 2 potions of lignification {unknown}
Comestibles
 b - a bread ration


   Skills:
 + Level 4.2 Fighting
 + Level 3.9 Long Blades
 + Level 3.5 Dodging
 + Level 2.9 Stealth


You had 4 spell levels left.
You didn't know any spells.

Dungeon Overview and Level Annotations

Branches:
Dungeon (3/15)

Altars:


Innate Abilities, Weirdness & Mutations

Your plain brown scales are hard. (AC +5)
You cannot fit into any form of body armour.
You are cold-blooded and may be slowed by cold attacks.
Your tail ends in a poisonous barb.
Your magical capacity is low. (-10% MP)
Your spells are a little harder to cast, but a little more powerful.
You expend magic power (3 MP) to strengthen your wands.


Message History

You barely miss something. Something hits you but does no damage.
You hear some strange, mumbled words.
A puff of flame appears from out of thin air!
The puff of flame hits you!
* * * LOW HITPOINT WARNING * * *
You bump into the rock wall.
You feel yourself speed up. Something completely misses you.
You bump into the rock wall.
You feel less confused. Something hits you but does no damage.
You completely miss something. Something hits you.
* * * LOW HITPOINT WARNING * * *
You hit something.
Your tail-slap misses something.
Something hits you.
* * * LOW HITPOINT WARNING * * *
You barely miss something.
You hear some strange, mumbled words.
A magic dart appears from out of thin air!
The magic dart hits you!
You die...

####..#.# #
#..#†# .#
#..#.#######.#
#..#.........#
...###.#.#.##
##.## #.....#
# #. ###.###
..#
#.####.>...
#!.@{os....
######.....
..# #


You could see an orc and a giant cockroach.

Vanquished Creatures
  An iguana (D:2)
  An orc wizard (D:3)
  3 adders (D:2)
  An ooze (D:3)
  A leopard gecko (D:2)
  6 orcs (D:3)
  2 ball pythons
  8 bats
  3 giant cockroaches (D:3)
  4 hobgoblins (D:1)
  2 jackals (D:3)
  5 kobolds
  2 quokkas (D:3)
  A frilled lizard (D:1)
  8 goblins
  4 rats
52 creatures vanquished.

Notes
Turn   | Place    | Note
-------+----------+-------------------------------------------
     0 | D:1      | KristoblXynda the Draconian Monk began the quest for the Orb.
     0 | D:1      | Reached XP level 1. HP: 19/19 MP: 1/1
   318 | D:1      | Reached XP level 2. HP: 26/26 MP: 2/2
   908 | D:2      | Reached XP level 3. HP: 6/33 MP: 3/3
  1062 | D:2      | Reached XP level 4. HP: 36/40 MP: 4/4
  1279 | D:2      | Reached skill level 4 in Fighting
  1597 | D:3      | Gained mutation: Your spells are a little harder to cast, but a little more powerful. [potion of mutation]
  1597 | D:3      | Gained mutation: Your magical capacity is low. (-10% MP) [potion of mutation]
  1597 | D:3      | Gained mutation: You expend magic power (3 MP) to strengthen your wands. [potion of mutation]
  1597 | D:3      | Gained mutation: Your tail ends in a poisonous barb. [potion of mutation]
  1598 | D:3      | Reached XP level 5. HP: 42/46 MP: 4/4
  1614 | D:3      | Killed from afar by an orc wizard

Vault maps used:
D:1:      roderic_crossed_star, minmay_misc_feat_plants
D:3:      uniq_ijyb

Skill      XL: |  1  2  3  4 |
---------------+-------------+-----
Stealth        | 2 |  2.9
Dodging        | 3 |  3.5
Fighting       | 4 |  4.2
Long Blades    | |  3.9

Action                   |  1- 3 |  4- 6 || total
-------------------------+-------+-------++-------
Melee: Falchion          |    67 |    82 ||   149
       Tailslap          |     5 |    18 ||    23
  Use: Potion            |     2 |     2 ||     4
       Scroll            |     1 |     3 ||     4
 Stab: Sleeping          |     2 |     5 ||     7
  Eat: Chunk             |       |     2 ||     2
Armor: Skin              |    26 |    22 ||    48
Dodge: Dodged            |    61 |    72 ||   133
       Rpst.: Falchion   |    25 |    28 ||    53

Table legend:
 A = Spawn XP
 B = Non-spawn XP
 C = Spawn XP percentage of total XP
 D = Spawn monster count
 E = Non-spawn monster count
 F = Spawn count percentage of total count
 G = Total turns spent on level
                    A         B        C        D         E        F      G
               +---------+---------+-------+---------+---------+-------+---------
         Total |       0 |     210 |   0.0 |       0 |      52 |   0.0 |  1614
               +---------+---------+-------+---------+---------+-------+---------
           D:1 |       0 |      30 |   0.0 |       0 |      21 |   0.0 |   893
           D:2 |       0 |      90 |   0.0 |       0 |       8 |   0.0 |   469
           D:3 |       0 |      90 |   0.0 |       0 |      23 |   0.0 |   252
               +---------+---------+-------+---------+---------+-------+---------
